 Dungeon Crawl Stone Soup version 0.26-a0-639-g72c4674329 (webtiles) character file.

Game seed: 16571523791508887309

13408 Flugslaktarn the Cleaver (level 11, -2/108 HPs)
             Began as a Deep Dwarf Fighter on Sept 24, 2020.
             Was an Elder of Makhleb.
             Slain by a two-headed ogre
             ... wielding a cursed -3 giant club
              (10 damage)
             ... on level 13 of the Dungeon.
             The game lasted 00:04:59 (7711 turns).

Flugslaktarn the Cleaver (Deep Dwarf Fighter)       Turns: 7711, Time: 00:04:59

Health: -2/108     AC: 17    Str: 23    XL:     11   Next: 75%
Magic:  9/9        EV:  5    Int:  9    God:    Makhleb [****..]
Gold:   566        SH: 11    Dex: 12    Spells: 10/10 levels left

rFire    + . .     SeeInvis .   a - +1 war axe (venom)
rCold    . . .     Faith    .   c - +0 kite shield
rNeg     . . .     Spirit   .   v - +0 plate armour
rPois    .         Reflect  .   i - +1 helmet
rElec    .         Harm     .   (no cloak)
rCorr    .         Rampage  .   n - +0 pair of gloves
MR       +....                  (no boots)
Stlth    ..........             (no amulet)
HPRegen  0.00/turn              f - ring of protection from fire
MPRegen  0.11/turn              (no ring)

@: lethally poisoned (-2 -> -2), non-regenerating, slowed, very slow
A: damage resistance, heal wounds, sense surroundings 2, no regeneration
a: Heal Wounds, Minor Destruction, Lesser Servant of Makhleb, Major Destruction,
Renounce Religion


You were on level 13 of the Dungeon.
You worshipped Makhleb.
Makhleb was greatly pleased with you.
You visited 2 branches of the dungeon, and saw 14 of its levels.
You also visited: Sewer.

You collected 566 gold pieces.

Inventory:

Hand Weapons
 a - a +1 war axe of venom (weapon)
 p - a +0 broad axe
   (You found it on level 8 of the Dungeon)
Armour
 c - a +0 kite shield (worn)
 i - a +1 helmet (worn)
   (You took it off Robin on level 2 of the Dungeon)
 n - a +0 pair of gloves (worn)
   (You found it on level 8 of the Dungeon)
 v - a +0 plate armour (worn)
   (You took it off an orc warrior on level 9 of the Dungeon)
Jewellery
 f - a ring of protection from fire (left hand)
   (You found it on level 8 of the Dungeon)
 D - an uncursed ring of stealth {unknown}
   (You found it on level 10 of the Dungeon)
 H - an uncursed ring of flight {unknown}
   (You found it on level 11 of the Dungeon)
Wands
 j - a wand of acid (11)
   (You found it on level 8 of the Dungeon)
 k - a wand of enslavement (12)
   (You found it on level 4 of the Dungeon)
 l - a wand of digging (11)
   (You found it on level 8 of the Dungeon)
 B - a wand of iceblast (21)
   (You found it on level 6 of the Dungeon)
 C - a wand of paralysis (19)
   (You found it on level 7 of the Dungeon)
Scrolls
 b - a scroll of torment {unknown}
 m - 2 scrolls of magic mapping
 o - 6 scrolls of fear
 r - 4 scrolls of identify
 s - 2 scrolls of enchant weapon
 t - 4 scrolls of teleportation
 x - 3 scrolls of remove curse
 y - a scroll of blinking {unknown}
 E - 2 scrolls of silence {unknown}
 J - a scroll of immolation {unknown}
 K - a scroll of enchant armour
Potions
 d - 2 potions of might
 e - 2 potions of berserk rage
 g - 4 potions of mutation
 h - a potion of haste
 q - 6 potions of curing
 u - 2 potions of cancellation {unknown}
 w - 3 potions of magic
 z - 2 potions of heal wounds {unknown}
 A - a potion of lignification {unknown}
 F - 2 potions of ambrosia {unknown}
 G - a potion of invisibility {unknown}
 I - a potion of degeneration {unknown}


   Skills:
 * Level 9.9 Fighting
 * Level 11.3 Axes
 + Level 8.7 Armour
 + Level 8.7 Shields
 + Level 9.1 Invocations


You had 10 spell levels left.
You didn't know any spells.
Your spell library was empty.

Dungeon Overview and Level Annotations

Branches:
Dungeon (13/15)            Temple (1/1) D:4            Lair (0/6) D:9
    Orc (0/2) D:9           Sewer (visited)
 Vaults: D:13-14

Altars:
Ashenzari
Cheibriados
Fedhas
Gozag
Hepliaklqana
Kikubaaqudgha
Makhleb
Nemelex Xobeh
Okawaru
Qazlal
Ru
Sif Muna
Trog
Uskayaw
Vehumet
Wu Jian
Xom
Yredelemnul
Zin
The Shining One

Annotations:
D:6 exclusion: statue


Innate Abilities, Weirdness & Mutations

You are resistant to damage.
You can heal yourself by infusing magical energy.
You passively map the area around you.
You do not regenerate.


Message History

You are too injured to fight recklessly!
You are too injured to fight recklessly!
You are too injured to fight recklessly!
You are too injured to fight recklessly!
You are too injured to fight recklessly!
You feel much better. The two-headed ogre barely misses you.
You block the two-headed ogre's attack.
The skeletal warrior hits you from afar with a cursed -2 trident.
The death knight calls down the wrath of Yredelemnul upon you.
You resist with some effort.
The death knight's dark mirror aura disappears.
A kobold demonologist comes into view. It is wielding a +0 dagger.
You block the two-headed ogre's attack.
The two-headed ogre hits you with a cursed -2 giant spiked club.
The death knight hits you with a +2 great sword!!
* * * LOW HITPOINT WARNING * * *
The kobold demonologist gestures wildly while chanting.
The death knight looks more healthy.
You block the two-headed ogre's attack.
The two-headed ogre hits you with a cursed -2 giant spiked club!
You die...

,* * ** ,,, , ,* * ∩*
, , ,, ,.#############
, , , .............# #
, .............# .# ,
, , .............# ..#
.............####..##
*
.......WWp..K........
,
,.....W.zaO@.5....[...
*
####..#######.)######
#$,* #).# * # ,
#<.###### , *
$#######)......# * *
,, ,.......)........ ,
, , ...........###..,
, , * *, *
####..###..+ . * * * ,
#..* ..# *


You could see a death knight, a skeletal warrior, a two-headed ogre (very
poisoned), a freezing wraith, a kobold demonologist, 2 wraiths, a worker ant and
a crimson imp (summoned).

Vanquished Creatures
  A hydra (D:12)
  3 skeletal warriors (D:12)
  An ugly thing (D:11)
  A cyclops (D:12)
  A kobold demonologist (D:11)
  A troll (D:10)
  2 hippogriffs
  4 slime creatures (D:12)
  Sigmund (D:5)
  2 wraiths (D:11)
  A wyvern (D:12)
  7 yaks
  A steam dragon (D:11)
  2 wargs (D:9)
  An acid dragon (D:12)
  Duvessa (D:5)
  An eye of draining (D:10)
  8 orc warriors
  A phantom (D:11)
  3 sky beasts (D:11)
  An ice beast (D:12)
  5 ogres
  2 necrophages
  2 centaurs
  6 big kobolds
  6 bullfrogs
  Dowan (D:5)
  4 scorpions
  4 wights (D:13)
  14 killer bees
  3 howler monkeys (D:12)
  4 centaur zombies
  7 hounds
  A jelly (D:5)
  7 orc priests
  6 orc wizards
  3 centaur skeletons
  5 iguanas
  6 worker ants
  2 hound zombies (D:5)
  A howler monkey zombie (D:6)
  Robin (D:2)
  A river rat (Sewer)
  10 adders
  A shadow imp (D:7)
  A white imp (D:6)
  3 ufetubi
  An adder skeleton (D:4)
  An adder zombie (D:9)
  A worm (D:5)
  3 leopard geckos
  45 orcs
  3 bats (D:3)
  19 giant cockroaches
  8 goblins
  3 hobgoblins (D:2)
  4 jackals
  14 kobolds
  A quokka (D:3)
  2 ball pythons
  11 frilled lizards
  A quokka skeleton (D:4)
  A rat (D:2)
268 creatures vanquished.

Vanquished Creatures (collateral kills)
  A hydra (D:11)
  A skeletal warrior (D:12)
  An acid dragon (D:11)
  An orc (D:11)
4 creatures vanquished.

Vanquished Creatures (others)
  Fannar (D:12)
  A phantom (D:5)
2 creatures vanquished.

Grand Total: 274 creatures vanquished

Notes
Turn   | Place    | Note
-------+----------+-------------------------------------------
     0 | D:1      | Flugslaktarn the Deep Dwarf Fighter began the quest for the
                  | Orb.
     0 | D:1      | Reached XP level 1. HP: 20/20 MP: 1/1
   216 | D:2      | Reached XP level 2. HP: 22/27 MP: 2/2
   224 | D:2      | Noticed Robin
   230 | D:2      | Killed Robin
   262 | D:3      | Reached XP level 3. HP: 27/34 MP: 3/3
   365 | D:3      | Reached skill level 3 in Axes
   523 | D:3      | Reached XP level 4. HP: 15/42 MP: 4/4
   732 | D:4      | Found a staircase to the Ecumenical Temple.
   823 | Temple   | Entered the Ecumenical Temple
   912 | Temple   | Became a worshipper of Makhleb the Destroyer
  1014 | D:4      | Reached XP level 5. HP: 41/50 MP: 5/5
  1311 | D:5      | Entered Level 5 of the Dungeon
  1435 | D:5      | Reached skill level 4 in Axes
  1492 | D:5      | Reached skill level 1 in Invocations
  1507 | D:5      | Found a glowing drain.
  1525 | Sewer    | Entered a sewer
  1839 | D:5      | Reached XP level 6. HP: 51/57 MP: 6/6
  1962 | D:5      | Found a glowing silver altar of Zin.
  2006 | D:5      | Noticed Duvessa
  2007 | D:5      | Noticed Dowan
  2031 | D:5      | Killed Duvessa
  2031 | D:5      | Reached skill level 5 in Axes
  2031 | D:5      | Reached XP level 7. HP: 36/66 MP: 6/6
  2042 | D:5      | Killed Dowan
  2065 | D:5      | Noticed Sigmund
  2074 | D:5      | Killed Sigmund
  2074 | D:5      | Reached * piety under Makhleb
  2074 | D:5      | Reached skill level 5 in Fighting
  2242 | D:5      | Found a hide-covered altar of Uskayaw.
  2242 | D:5      | Noticed a +0 hand axe
  2242 | D:5      | Noticed a +0 dagger
  2256 | D:5      | Reached skill level 5 in Armour
  2576 | D:6      | Reached skill level 5 in Shields
  2682 | D:6      | Reached skill level 6 in Axes
  2682 | D:6      | Reached XP level 8. HP: 66/75 MP: 8/8
  3034 | D:6      | Found a radiant altar of Vehumet.
  3502 | D:7      | Reached skill level 7 in Axes
  3812 | D:8      | Reached skill level 5 in Invocations
  3868 | D:8      | Gained mutation: You passively map the area around you.
                  | [Deep Dwarf growth]
  3868 | D:8      | Reached XP level 9. HP: 58/85 MP: 8/8
  3881 | D:8      | Found a shimmering altar of Xom.
  4087 | D:8      | Reached ** piety under Makhleb
  4290 | D:9      | Found a staircase to the Orcish Mines.
  4315 | D:9      | Reached skill level 8 in Axes
  4429 | D:9      | Found a staircase to the Lair.
  4770 | D:9      | Found a bloodstained altar of Trog.
  4899 | D:10     | Entered Level 10 of the Dungeon
  5158 | D:10     | Reached XP level 10. HP: 42/96 MP: 7/9
  5248 | D:10     | Reached *** piety under Makhleb
  5282 | D:10     | Reached skill level 9 in Axes
  5317 | D:10     | Found a shattered altar of Ashenzari.
  6292 | D:11     | Noticed an orange demon
  6423 | D:11     | Reached **** piety under Makhleb
  6469 | D:11     | Noticed a six-headed hydra
  6478 | D:11     | Killed a seven-headed hydra
  6508 | D:11     | Reached skill level 10 in Axes
  6731 | D:11     | Noticed a cyan ugly thing
  6738 | D:11     | Killed a cyan ugly thing
  6938 | D:12     | Noticed Fannar
  6955 | D:12     | Killed Fannar
  6955 | D:12     | Reached XP level 11. HP: 37/106 MP: 10/10
  6975 | D:12     | Noticed an eight-headed hydra
  7001 | D:12     | Killed an 11-headed hydra
  7516 | D:12     | Noticed a skeletal warrior
  7516 | D:12     | Noticed a skeletal warrior
  7516 | D:12     | Noticed a skeletal warrior
  7532 | D:12     | Noticed a skeletal warrior
  7540 | D:12     | Killed a skeletal warrior
  7540 | D:12     | Reached skill level 11 in Axes
  7552 | D:12     | HP: 4/106 [skeletal warrior/+0 trident[a skeletal warrior]
                  | (10)]
  7572 | D:12     | Killed a skeletal warrior
  7572 | D:12     | Killed a skeletal warrior
  7582 | D:12     | Killed a skeletal warrior
  7696 | D:13     | Noticed a skeletal warrior
  7698 | D:13     | Noticed a death knight
  7699 | D:13     | Noticed a two-headed ogre
  7711 | D:13     | Slain by a two-headed ogre

Illustrated notes

Levels and vault maps discovered:
D:1:      dpeg_arrival_tiny_a, layout_basic, minmay_tree_intersection
D:2:      layout_basic, gammafunk_temple_overflow_elements, uniq_robin,
          uniq_natasha
D:3:      minmay_roachtagon, layout_loops_corners, kennysheep_doodads
D:4:      layout_basic, minmay_temple_entry_statues
D:5:      layout_loops_corners, dancing_weapons_uskayaw, basic_altar,
          portal_sewer_entry_f, uniq_sigmund, uniq_duvessa
D:6:      layout_gridville, vehumet_statue
D:7:      layout_basic
D:8:      layout_basic, xom_teletrap_fun
D:9:      layout_basic, bloody_trog, lair_entry_dummy, david_orc_3,
          grunt_ministairs_10
D:10:     layout_layer_cave, basic_altar
D:11:     layout_gridville
D:12:     layout_irregular_city, uniq_fannar
D:13:     layout_small_grid, david_vaults_5, serial_shops, kennysheep_mini_moat,
          roderic_batcave, evilmike_butchery
Temple:   lightli_temple_of_artemis

Skill      XL: |  1  2  3  4  5  6  7  8  9 10 11 |
---------------+----------------------------------+-----
Fighting       | 3 4 5 6 7 9 |  9.9
Axes           | 3 4 5 6 7 8 10 11 | 11.3
Armour         | 4 5 6 7 8 |  8.7
Shields        | 4 5 6 7 8 |  8.7
Invocations    | 1 2 3 5 6 8 9 |  9.1

Action                   |  1- 3 |  4- 6 |  7- 9 | 10-12 || total
-------------------------+-------+-------+-------+-------++-------
Melee: War axe           |    83 |   156 |   318 |   404 ||   961
Invok: Lesser Servant of |       |       |       |     7 ||     7
 Abil: Heal Wounds       |     1 |     6 |    11 |    23 ||    41
Evoke: Wand              |       |       |       |     2 ||     2
  Use: Scroll            |       |       |    18 |       ||    18
       Potion            |       |       |       |     1 ||     1
 Stab: Distracted        |       |       |       |     1 ||     1
Armor: Scale mail        |    58 |    78 |    93 |       ||   229
       Plate armour      |       |       |    41 |   266 ||   307
Dodge: Dodged            |    26 |    43 |    95 |    90 ||   254
Block: Kite shield       |    52 |    86 |   201 |   286 ||   625

Table legend: (Time is in decaauts)
 A = Elapsed time spent in this place.
 B = Non-inter-level travel time spent in this place.
 C = Inter-level travel time spent in this place.
 D = Time resting spent in this place.
 E = Time spent auto-exploring this place.
 F = Levels seen in this place.
 G = Mean time per level.
                   A        B        C        D        E       F      G
               +--------+--------+--------+--------+--------+-----+--------+
         Total |   7959 |   7661 |    298 |      0 |   5783 |  15 |  530.6 |
       Dungeon |   7535 |   7254 |    281 |      0 |   5488 |  13 |  579.6 |
        Temple |    106 |     90 |     16 |      0 |     86 |   1 |  106.0 |
         Sewer |    317 |    317 |      0 |      0 |    208 |   1 |  317.0 |
               +--------+--------+--------+--------+--------+-----+--------+

Top non-repeatable levels by time:
    D:10: 1255 daAuts
     D:5: 1046 daAuts
    D:12: 792 daAuts
     D:6: 778 daAuts
    D:11: 754 daAuts
     D:4: 679 daAuts
     D:9: 629 daAuts
     D:7: 490 daAuts
     D:8: 481 daAuts
   Sewer: 317 daAuts
     D:3: 301 daAuts
     D:1: 208 daAuts
  Temple: 106 daAuts
     D:2: 63 daAuts
    D:13: 52 daAuts
